MLB
PHILADELPHIA PHILLIES @ MILWAUKEE BREWERS
08/24/2044
 
TOP OF THE 1ST
Philadelphia Phillies batting - Pitching for Milwaukee Brewers : LHP Antonio Diaz
Pitching: LHP Antonio Diaz
Batting: LHB Jeff Luvisi 0-0: Ball
1-0: Called Strike
1-1: Foul Ball, location: 2F
1-2: Strikes out swinging
Batting: RHB Mitch Boyd 0-0: Ball
1-0: Swinging Strike
1-1: Swinging Strike
1-2: Strikes out swinging
Batting: RHB Quintin Parker 0-0: Swinging Strike
0-1: Fly out, F4 (Popup, 4S, EV 74.4 MPH)
Top of the 1st over - 0 runs, 0 hits, 0 errors, 0 left on base; Philadelphia 0 - Milwaukee 0
BOTTOM OF THE 1ST
Milwaukee Brewers batting - Pitching for Philadelphia Phillies : LHP Marko Emchenko
Pitching: LHP Marko Emchenko
Batting: RHB Jason Gee 0-0: Swinging Strike
0-1: Bunt missed!
0-2: Ball
1-2: Foul Ball, location: 2F
1-2: Ground out 1-3 (Groundball, 13S, EV 69.4 MPH)
Batting: RHB Adrian Rudkilde 0-0: Foul Ball, location: 2F
0-1: Ball
1-1: Called Strike
1-2: Foul Ball, location: 2F
1-2: Strikes out swinging
Batting: RHB Adriaan Pieters 0-0: Fly out, F9 (Flyball, 9, EV 86.3 MPH)
Bottom of the 1st over - 0 runs, 0 hits, 0 errors, 0 left on base; Philadelphia 0 - Milwaukee 0
TOP OF THE 2ND
Philadelphia Phillies batting - Pitching for Milwaukee Brewers : LHP Antonio Diaz
Batting: LHB Eric Katz 0-0: SINGLE (Groundball, 6, EV 97.5 MPH)
Batting: RHB Raul de la Cruz 0-0: Called Strike
0-1: Called Strike
Eric Katz steals 2nd base
0-2: Ball
1-2: Foul Ball, location: 2F
1-2: Foul Ball, location: 2F
1-2: Ball
2-2: Foul Ball, location: 2F
2-2: SINGLE (Line Drive, 9LS, EV 105.0 MPH)
Eric Katz to third
Batting: LHB Alberto Figueroa 0-0: Ball
Raul de la Cruz is caught stealing 2nd base 2-6
1-0: Called Strike
1-1: Foul Ball, location: 2F
1-2: Ball
2-2: Foul Ball, location: 2F
2-2: DOUBLE (Line Drive, 7LM, EV 99.4 MPH)
Eric Katz scores
Batting: RHB Chef Belew 0-0: Ball
1-0: Foul Ball, location: 2F
1-1: Ball
2-1: Foul Ball, location: 2F
2-2: Ball
3-2: Fly out, F8 (Flyball, 8LD, EV 102.5 MPH)
Batting: RHB Matt Sanders 0-0: Ground out 1-3 (Groundball, 15S, EV 65.6 MPH)
Top of the 2nd over - 1 run, 3 hits, 0 errors, 1 left on base; Philadelphia 1 - Milwaukee 0
BOTTOM OF THE 2ND
Milwaukee Brewers batting - Pitching for Philadelphia Phillies : LHP Marko Emchenko
Batting: RHB Daniel Donovan 0-0: Ball
1-0: Called Strike
1-1: Called Strike
1-2: Strikes out swinging
Batting: RHB Emilio Gallegos 0-0: Ball
1-0: Ball
2-0: Ground out 6-3 (Groundball, 6M, EV 89.4 MPH)
Batting: SHB Jean-François Bernard 0-0: Swinging Strike
0-1: Ball
1-1: Foul Ball, location: 2F
1-2: SINGLE (Line Drive, 4D, EV 95.0 MPH)
Batting: LHB Jeff Taylor 0-0: Ball
1-0: Called Strike
1-1: Ball
Pickoff Throw to First - Out! 1-3
Bottom of the 2nd over - 0 runs, 1 hit, 0 errors, 0 left on base; Philadelphia 1 - Milwaukee 0
TOP OF THE 3RD
Philadelphia Phillies batting - Pitching for Milwaukee Brewers : LHP Antonio Diaz
Batting: RHB Luis Arce 0-0: Called Strike
0-1: Ball
1-1: Swinging Strike
1-2: Ball
2-2: Foul Ball, location: 2F
2-2: Ball
3-2: Strikes out swinging
Batting: LHB Jeff Luvisi 0-0: Called Strike
0-1: Ball
1-1: Foul Ball, location: 2F
1-2: Strikes out swinging
Batting: RHB Mitch Boyd 0-0: Ball
1-0: Ground out 6-3 (Groundball, 6, EV 100.0 MPH)
Top of the 3rd over - 0 runs, 0 hits, 0 errors, 0 left on base; Philadelphia 1 - Milwaukee 0
BOTTOM OF THE 3RD
Milwaukee Brewers batting - Pitching for Philadelphia Phillies : LHP Marko Emchenko
Batting: LHB Jeff Taylor 0-0: Foul Ball, location: 2F
0-1: Swinging Strike
0-2: Strikes out swinging
Batting: RHB Noah Stanley 0-0: Ball
1-0: Fly out, F8 (Flyball, 8LD, EV 86.9 MPH)
Batting: RHB Ben Campbell 0-0: Called Strike
0-1: Swinging Strike
0-2: Strikes out swinging
Bottom of the 3rd over - 0 runs, 0 hits, 0 errors, 0 left on base; Philadelphia 1 - Milwaukee 0
TOP OF THE 4TH
Philadelphia Phillies batting - Pitching for Milwaukee Brewers : LHP Antonio Diaz
Batting: RHB Quintin Parker 0-0: Hit by Pitch
Batting: LHB Eric Katz 0-0: Swinging Strike
0-1: Called Strike
0-2: Strikes out swinging
Batting: RHB Raul de la Cruz 0-0: DOUBLE (Line Drive, 7LS, EV 100.6 MPH)
Quintin Parker to third
Runner from 3rd tries for Home, SAFE, throw by LF to trailing runner, SAFE at third!
Batting: LHB Alberto Figueroa 0-0: Called Strike
0-1: Called Strike
Steal of home, Raul de la Cruz is safe
0-2: Foul Ball, location: 2F
0-2: Ground out U3 (Groundball, 3S, EV 70.6 MPH)
Batting: RHB Chef Belew 0-0: Swinging Strike
0-1: Ball
1-1: Ball
2-1: Ball
3-1: Fly out, F6 (Line Drive, 6, EV 61.3 MPH)
Top of the 4th over - 2 runs, 1 hit, 0 errors, 0 left on base; Philadelphia 3 - Milwaukee 0
BOTTOM OF THE 4TH
Milwaukee Brewers batting - Pitching for Philadelphia Phillies : LHP Marko Emchenko
Batting: RHB Jason Gee 0-0: Ball
1-0: Ground out 5-3 (Groundball, 5, EV 84.4 MPH)
Batting: RHB Adrian Rudkilde 0-0: Called Strike
0-1: Ball
1-1: Called Strike
1-2: Ball
2-2: Foul Ball, location: 2F
2-2: Foul Ball, location: 2F
2-2: Ground out 6-3 (Groundball, 6, EV 109.4 MPH)
Batting: RHB Adriaan Pieters 0-0: Foul Ball, location: 2F
0-1: Ball
1-1: Ball
2-1: Ball
3-1: Called Strike
3-2: Strikes out swinging
Bottom of the 4th over - 0 runs, 0 hits, 0 errors, 0 left on base; Philadelphia 3 - Milwaukee 0
TOP OF THE 5TH
Philadelphia Phillies batting - Pitching for Milwaukee Brewers : LHP Antonio Diaz
Batting: RHB Matt Sanders 0-0: Called Strike
0-1: Ball
1-1: Called Strike
1-2: SINGLE (Flyball, 3D, EV 91.9 MPH)
Batting: RHB Luis Arce 0-0: Ball
1-0: Foul Ball, location: 2F
1-1: Ball
2-1: Swinging Strike
2-2: Fly out, F5 (Popup, 6S, EV 68.8 MPH)
Batting: LHB Jeff Luvisi 0-0: Ball
1-0: Foul Ball, location: 2F
1-1: Ball
2-1: SINGLE (Groundball, 4D, EV 105.0 MPH)
Matt Sanders to second
Runner from 2nd tries for 3rd, SAFE, throw by CF made at trailing runner, OUT! 8-6
Batting: RHB Mitch Boyd 0-0: Ground out 5-3 (Groundball, 5, EV 91.3 MPH)
Top of the 5th over - 0 runs, 2 hits, 0 errors, 1 left on base; Philadelphia 3 - Milwaukee 0
BOTTOM OF THE 5TH
Milwaukee Brewers batting - Pitching for Philadelphia Phillies : LHP Marko Emchenko
Batting: RHB Daniel Donovan 0-0: Called Strike
0-1: Ball
1-1: Foul Ball, location: 2F
1-2: Ball
2-2: Foul Ball, location: 2F
2-2: Foul Ball, location: 2F
2-2: Foul Ball, location: 2F
2-2: Strikes out swinging
Batting: RHB Emilio Gallegos 0-0: DOUBLE (Groundball, 5L, EV 103.8 MPH)
Batting: SHB Jean-François Bernard 0-0: Fly out, F5 (Line Drive, 5, EV 68.8 MPH)
Batting: LHB Jeff Taylor 0-0: Called Strike
0-1: Ball
1-1: Swinging Strike
1-2: Strikes out swinging
Bottom of the 5th over - 0 runs, 1 hit, 0 errors, 1 left on base; Philadelphia 3 - Milwaukee 0
TOP OF THE 6TH
Philadelphia Phillies batting - Pitching for Milwaukee Brewers : LHP Antonio Diaz
Batting: RHB Quintin Parker 0-0: Foul Ball, location: 2F
0-1: Ball
1-1: Ball
2-1: Ball
3-1: Ground out 4-3 (Groundball, 4S, EV 76.9 MPH)
Batting: LHB Eric Katz 0-0: Called Strike
0-1: Ball
1-1: SINGLE (Line Drive, 34D, EV 105.0 MPH)
Batting: RHB Raul de la Cruz 0-0: Called Strike
0-1: Ball
1-1: SINGLE (Groundball, 5S, EV 76.9 MPH) (infield hit)
Eric Katz to second
Batting: LHB Alberto Figueroa 0-0: Swinging Strike
0-1: Ball
Eric Katz steals 3rd base
1-1: Called Strike
1-2: Foul Ball, location: 2F
1-2: Strikes out swinging
Batting: RHB Chef Belew 0-0: DOUBLE (Line Drive, 3D, EV 94.4 MPH)
Eric Katz scores
Raul de la Cruz to third
Runner from 3rd tries for Home, SAFE, no throw by RF
Pitching: RHP Luis Mejia
Batting: RHB Matt Sanders 0-0: Called Strike
0-1: Ball
1-1: Foul Ball, location: 2F
1-2: Foul Ball, location: 2F
1-2: Strikes out looking
Top of the 6th over - 2 runs, 3 hits, 0 errors, 1 left on base; Philadelphia 5 - Milwaukee 0
BOTTOM OF THE 6TH
Milwaukee Brewers batting - Pitching for Philadelphia Phillies : LHP Marko Emchenko
Batting: RHB Noah Stanley 0-0: Ball
1-0: SINGLE (Groundball, 6MD, EV 87.5 MPH) (infield hit)
Batting: RHB Ben Campbell 0-0: Foul Ball, location: 2F
0-1: Fly out, F9 (Flyball, 9LS, EV 90.0 MPH)
Batting: RHB Jason Gee 0-0: Called Strike
0-1: Ball
1-1: Grounds into double play, 6-4-3 (Groundball, 6M, EV 87.5 MPH)
Bottom of the 6th over - 0 runs, 1 hit, 0 errors, 0 left on base; Philadelphia 5 - Milwaukee 0
TOP OF THE 7TH
Philadelphia Phillies batting - Pitching for Milwaukee Brewers : RHP Luis Mejia
Batting: RHB Luis Arce 0-0: Ball
1-0: Called Strike
1-1: Called Strike
1-2: Ball
2-2: Ball
3-2: Base on Balls
Pitching: RHP Malibok Fflunker
Batting: LHB Jeff Luvisi 0-0: Called Strike
0-1: Ball
1-1: Called Strike
1-2: Strikes out swinging
Batting: RHB Mitch Boyd 0-0: Ball
1-0: Called Strike
1-1: Called Strike
1-2: Strikes out looking
Batting: RHB Quintin Parker 0-0: Called Strike
0-1: Called Strike
0-2: Ball
1-2: DOUBLE (Line Drive, 78D, EV 108.1 MPH)
Luis Arce to third
Batting: LHB Eric Katz 0-0: Ball
1-0: Swinging Strike
1-1: Foul Ball, location: 2F
1-2: Foul Ball, location: 2F
1-2: Ball
2-2: Strikes out swinging
Top of the 7th over - 0 runs, 1 hit, 0 errors, 2 left on base; Philadelphia 5 - Milwaukee 0
BOTTOM OF THE 7TH
Milwaukee Brewers batting - Pitching for Philadelphia Phillies : LHP Marko Emchenko
Batting: RHB Adrian Rudkilde 0-0: Fly out, F8 (Flyball, 8RD, EV 96.9 MPH)
Batting: RHB Adriaan Pieters 0-0: Ball
1-0: Fly out, F8 (Line Drive, 8RD, EV 86.3 MPH)
Batting: RHB Daniel Donovan 0-0: Called Strike
0-1: Ball
1-1: Foul Ball, location: 2F
1-2: Foul Ball, location: 2F
1-2: Ball
2-2: Ball
3-2: Base on Balls
Batting: RHB Emilio Gallegos 0-0: Ball
1-0: Ball
2-0: SINGLE (Groundball, 34D, EV 100.0 MPH)
Daniel Donovan to second
Runner from 2nd tries for 3rd, OUT! 9-5
Bottom of the 7th over - 0 runs, 1 hit, 0 errors, 1 left on base; Philadelphia 5 - Milwaukee 0
TOP OF THE 8TH
Philadelphia Phillies batting - Pitching for Milwaukee Brewers : RHP Malibok Fflunker
Batting: RHB Raul de la Cruz 0-0: Ball
1-0: Ball
2-0: Foul Ball, location: 2F
2-1: Ball
3-1: SINGLE (Groundball, 4MD, EV 96.9 MPH)
Batting: LHB Alberto Figueroa 0-0: Fielders Choice at 2nd, 6-4 (Groundball, 6, EV 89.4 MPH)
Batting: RHB Chef Belew 0-0: Called Strike
0-1: Foul Ball, location: 2F
0-2: SINGLE (Line Drive, 6M, EV 94.4 MPH)
Alberto Figueroa to second
Runner from 2nd tries for 3rd, SAFE, throw by CF made to third
Batting: RHB Matt Sanders 0-0: Ball
1-0: Ball
2-0: Called Strike
2-1: Foul Ball, location: 2F
2-2: Ball
3-2: Strikes out swinging
Pitching: RHP Kouchiro Yamaguchi
Batting: RHB Luis Arce 0-0: Ball
1-0: Called Strike
1-1: SINGLE (Groundball, 56, EV 102.5 MPH)
Alberto Figueroa scores
Chef Belew to second
Batting: LHB Jeff Luvisi 0-0: Ball
1-0: Ball
2-0: Swinging Strike
2-1: Foul Ball, location: 2F
2-2: Ball
Wild Pitch!
Chef Belew to third
Luis Arce to second
3-2: Fly out, F6 (Flyball, 6MD, EV 72.5 MPH)
Top of the 8th over - 1 run, 3 hits, 0 errors, 2 left on base; Philadelphia 6 - Milwaukee 0
BOTTOM OF THE 8TH
Milwaukee Brewers batting - Pitching for Philadelphia Phillies : LHP Marko Emchenko
Batting: SHB Jean-François Bernard 0-0: Ball
1-0: Ball
2-0: Called Strike
2-1: Swinging Strike
2-2: Strikes out swinging
Pinch Hitting: RHB Kisho Ito 0-0: Swinging Strike
0-1: Called Strike
0-2: Ball
1-2: Foul Ball, location: 2F
1-2: SINGLE (Groundball, 34D, EV 97.5 MPH)
Batting: RHB Noah Stanley 0-0: Ball
1-0: Fielders Choice at 2nd, 5-4 (Groundball, 56S, EV 80.6 MPH)
Batting: RHB Ben Campbell 0-0: Ball
1-0: Ground out 4-3 (Groundball, 34, EV 84.4 MPH)
Bottom of the 8th over - 0 runs, 1 hit, 0 errors, 1 left on base; Philadelphia 6 - Milwaukee 0
TOP OF THE 9TH
Philadelphia Phillies batting - Pitching for Milwaukee Brewers : RHP Kouchiro Yamaguchi
Now at 2B: Kisho Ito
Now at 3B: Adrian Rudkilde
Batting: RHB Mitch Boyd 0-0: Ground out 3-1 (Groundball, 34, EV 78.1 MPH)
Batting: RHB Quintin Parker 0-0: Called Strike
0-1: Called Strike
0-2: Ball
1-2: Foul Ball, location: 2F
1-2: Ground out 5-3 (Groundball, 5, EV 110.0 MPH)
Batting: LHB Eric Katz 0-0: Swinging Strike
0-1: Ball
1-1: Ball
2-1: SOLO HOME RUN (Flyball, 7LD, EV 96.3 MPH), Distance : 364 ft
Batting: RHB Raul de la Cruz 0-0: Ball
1-0: Ball
2-0: DOUBLE (Line Drive, 78XD, EV 110.0 MPH)
Batting: LHB Alberto Figueroa 0-0: Ball
1-0: Fly out, F5 (Popup, 5F, EV 55.6 MPH)
Top of the 9th over - 1 run, 2 hits, 0 errors, 1 left on base; Philadelphia 7 - Milwaukee 0
BOTTOM OF THE 9TH
Milwaukee Brewers batting - Pitching for Philadelphia Phillies : LHP Marko Emchenko
Batting: RHB Jason Gee 0-0: Ball
1-0: Fly out, F9 (Line Drive, 9D, EV 98.1 MPH)
Batting: RHB Adrian Rudkilde 0-0: Ball
1-0: Called Strike
1-1: Ball
2-1: Ball
3-1: Base on Balls
Batting: RHB Adriaan Pieters 0-0: Ball
1-0: Called Strike
1-1: Foul Ball, location: 2F
1-2: Ball
2-2: Ball
3-2: Strikes out swinging
Pitching: LHP Luis Concepcion
Batting: RHB Daniel Donovan 0-0: Called Strike
0-1: Ball
1-1: Ball
Wild Pitch!
Adrian Rudkilde to second
2-1: Ground out 4-3 (Groundball, 4, EV 84.4 MPH)
Bottom of the 9th over - 0 runs, 0 hits, 0 errors, 1 left on base; Philadelphia 7 - Milwaukee 0
Thursday, March 31st , 2022 - OOTP Baseball 22.12 Build 89